[Event "Rated Blitz game"]
[Site "?"]
[Date "2021.04.22"]
[Round "?"]
[White "NurmagomedOmarov97"]
[Black "Prayer791"]
[Result "0-1"]
[ECO "C42"]
[WhiteElo "2414"]
[BlackElo "2527"]
[PlyCount "34"]
[EventDate "2021.??.??"]
[EventType "blitz"]
[TimeControl "180"]

1. e4 e5 2. Nf3 Nf6 3. Nxe5 d6 4. Nxf7 Kxf7 5. d4 Be6 6. Nc3 g6 7. Bg5 Be7 8.
Qf3 Kg7 9. e5 dxe5 10. dxe5 Nd5 11. Nxd5 Bxg5 12. Rd1 c6 13. Nf6 Qa5+ 14. c3
Rf8 15. Bd3 Nd7 16. O-O Nxe5 17. Qe4 Bxf6 {Normal} 0-1

[Event "Rated Blitz game"]
[Site "?"]
[Date "2021.04.21"]
[Round "?"]
[White "peaudepaillator"]
[Black "astrozilla"]
[Result "0-1"]
[ECO "C42"]
[WhiteElo "2500"]
[BlackElo "2414"]
[PlyCount "38"]
[EventDate "2021.??.??"]
[EventType "blitz"]
[TimeControl "180"]

1. e4 e5 2. Nf3 Nf6 3. Nxe5 d6 4. Nxf7 Kxf7 5. Nc3 Be7 6. Bc4+ Be6 7. Bxe6+
Kxe6 8. d4 Re8 9. Qe2 Kf7 10. e5 dxe5 11. dxe5 Nd5 12. Qf3+ Nf6 13. O-O Nc6 14.
exf6 Bxf6 15. Bf4 Nd4 16. Qxb7 Rb8 17. Qxa7 Rxb2 18. Rad1 Rxc2 19. Qa5 Rxc3 {
Normal} 0-1

[Event "Rated Blitz game"]
[Site "?"]
[Date "2021.04.20"]
[Round "?"]
[White "Schach_du_Nase"]
[Black "Meliodas-sama"]
[Result "0-1"]
[ECO "C42"]
[WhiteElo "2414"]
[BlackElo "2392"]
[PlyCount "98"]
[EventDate "2021.??.??"]
[EventType "blitz"]
[TimeControl "180"]

1. e4 e5 2. Nf3 Nf6 3. Nxe5 d6 4. Nxf7 Kxf7 5. d4 Be6 6. Nc3 Be7 7. f4 Rf8 8.
Be2 Kg8 9. O-O c6 10. Be3 d5 11. f5 Bc8 12. e5 Ne4 13. Nxe4 dxe4 14. g4 Kh8 15.
Qd2 b5 16. c3 Nd7 17. Qc2 Bg5 18. Qxe4 Bb7 19. Bf2 Rb8 20. Bf3 a6 21. a4 Nb6
22. axb5 cxb5 23. Qe2 Qc8 24. Rfd1 Nd5 25. Be4 Nf4 26. Qf3 Nh3+ 27. Kg2 Nxf2
28. Kxf2 Bxe4 29. Qxe4 Rb6 30. Kg3 Rh6 31. d5 Re8 32. e6 Qc5 33. Rd4 Bf6 34.
Kf3 Bxd4 35. cxd4 Qd6 36. Rh1 Rxh2 37. Rxh2 Qxh2 38. Qe5 Qh3+ 39. Kf4 Qf1+ 40.
Ke4 Qe2+ 41. Kf4 Qh2+ 42. Ke4 Qh4 43. Kf4 h5 44. Qe2 g5+ 45. Ke5 Qxg4 46. Qxg4
hxg4 47. f6 g3 48. f7 Rxe6+ 49. dxe6 Kg7 {Time forfeit} 0-1

[Event "Rated Blitz tournament pc0oqTYs"]
[Site "?"]
[Date "2021.04.18"]
[Round "?"]
[White "Salvaged_Dirt"]
[Black "JohanDerksen"]
[Result "0-1"]
[ECO "C42"]
[WhiteElo "2458"]
[BlackElo "2692"]
[PlyCount "40"]
[EventDate "2021.??.??"]
[EventType "blitz"]
[TimeControl "180+2"]

1. e4 e5 2. Nf3 Nf6 3. Nxe5 d6 4. Nxf7 Kxf7 5. d4 c5 6. Nc3 cxd4 7. Qxd4 Be6 8.
Bc4 Qc8 9. Bd5 Nc6 10. Qa4 Bxd5 11. exd5 Qe8+ 12. Be3 Ne5 13. Qf4 Be7 14. Ne4
Rf8 15. Ng5+ Kg8 16. Ne6 Nxd5 17. Qe4 Nxe3 18. Nxf8 Nxc2+ 19. Qxc2 Bxf8 20. Rc1
Nd3+ {Normal} 0-1

[Event "Rated Blitz game"]
[Site "?"]
[Date "2021.04.18"]
[Round "?"]
[White "Albertoborea72"]
[Black "Grandmasterbomo"]
[Result "1-0"]
[ECO "C42"]
[WhiteElo "2386"]
[BlackElo "2400"]
[PlyCount "51"]
[EventDate "2021.??.??"]
[EventType "blitz"]
[TimeControl "180"]

1. e4 e5 2. Nf3 Nf6 3. Nxe5 d6 4. Nxf7 Kxf7 5. d4 Be7 6. Nc3 Rf8 7. Bc4+ Be6 8.
Bxe6+ Kxe6 9. f4 Kf7 10. e5 dxe5 11. fxe5 Nd5 12. Qf3+ Ke6 13. Qg4+ Kf7 14.
Qf3+ Ke6 15. Qh3+ Kf7 16. Qxh7 Nxc3 17. bxc3 Ke6 18. Qh3+ Kd5 19. c4+ Kxd4 20.
Qd3+ Kxe5 21. Bb2+ Ke6 22. Qe4+ Kf7 23. Rd1 Bb4+ 24. Ke2 Re8 25. Rhf1+ Kg8 26.
Rxd8 {Normal} 1-0

[Event "Rated Blitz tournament pc0oqTYs"]
[Site "?"]
[Date "2021.04.18"]
[Round "?"]
[White "Salvaged_Dirt"]
[Black "JohanDerksen"]
[Result "1-0"]
[ECO "C42"]
[WhiteElo "2446"]
[BlackElo "2697"]
[PlyCount "87"]
[EventDate "2021.??.??"]
[EventType "blitz"]
[TimeControl "180+2"]

1. e4 e5 2. Nf3 Nf6 3. Nxe5 d6 4. Nxf7 Kxf7 5. d4 c5 6. Nc3 cxd4 7. Qxd4 Nc6 8.
Bc4+ Be6 9. Bxe6+ Kxe6 10. Qc4+ Kd7 11. Bg5 Be7 12. O-O-O Rc8 13. Bxf6 Bxf6 14.
Nd5 Qa5 15. f4 Ne7 16. Nxf6+ gxf6 17. Rxd6+ Ke8 18. Qb3 Qc7 19. Rxf6 Rf8 20.
Rxf8+ Kxf8 21. e5 Qc4 22. Qxc4 Rxc4 23. g3 Kf7 24. Kd2 Nd5 25. Kd3 Rc8 26. c3
Ne7 27. Ke4 Rc4+ 28. Kf3 b5 29. a3 a5 30. Rd1 b4 31. axb4 axb4 32. Rd4 Rxd4 33.
cxd4 Nd5 34. Ke4 Nb6 35. b3 Ke7 36. f5 h5 37. h3 Kd7 38. g4 h4 39. g5 Ke7 40.
g6 Nc8 41. f6+ Kf8 42. Kd5 Nb6+ 43. Kc6 Nc8 44. Kb7 {Normal} 1-0

[Event "Rated Rapid game"]
[Site "?"]
[Date "2021.04.18"]
[Round "?"]
[White "Melladov"]
[Black "oxytocinz"]
[Result "1-0"]
[ECO "C42"]
[WhiteElo "2737"]
[BlackElo "2534"]
[PlyCount "81"]
[EventDate "2021.??.??"]
[EventType "rapid"]
[TimeControl "600"]

1. e4 e5 2. Nf3 Nf6 3. Nxe5 d6 4. Nxf7 Kxf7 5. d4 g6 6. Nc3 Kg7 7. f3 Nc6 8.
Be3 Be7 9. Qd2 h5 10. O-O-O d5 11. e5 Nd7 12. Nxd5 Nb6 13. Nxe7 Nxe7 14. Bg5
Qe8 15. Bf6+ Kf7 16. Qg5 Rh7 17. Bd3 Be6 18. Bxe7 Qxe7 19. Qxg6+ Kf8 20. Qxh7
Qxh7 21. Bxh7 Nd5 22. Be4 Ke7 23. Rhe1 Rg8 24. c4 Nb4 25. d5 Bc8 26. a3 Na6 27.
d6+ cxd6 28. exd6+ Kd8 29. g3 Nc5 30. Rd5 Nd7 31. Rxh5 Re8 32. c5 Rg8 33. Bd5
Rf8 34. Be6 Re8 35. Kd1 Rf8 36. f4 a5 37. b4 axb4 38. axb4 Re8 39. Bxd7 Bxd7
40. Rxe8+ Bxe8 41. Rh7 {Normal} 1-0

[Event "Rated Blitz game"]
[Site "?"]
[Date "2021.04.18"]
[Round "?"]
[White "maelru"]
[Black "Konevoyazher"]
[Result "0-1"]
[ECO "C42"]
[WhiteElo "2421"]
[BlackElo "2268"]
[PlyCount "98"]
[EventDate "2021.??.??"]
[EventType "blitz"]
[TimeControl "180"]

1. e4 e5 2. Nf3 Nf6 3. Nxe5 d6 4. Nxf7 Kxf7 5. d4 c5 6. dxc5 Qa5+ 7. Nc3 Qxc5
8. Be3 Qc7 9. Be2 Be6 10. O-O Be7 11. f4 Bc4 12. e5 Bxe2 13. Qxe2 dxe5 14. fxe5
Qxe5 15. Rae1 Re8 16. Qc4+ Kf8 17. Bd4 Qd6 18. Nd5 Nc6 19. Nxf6 Qxd4+ 20. Qxd4
Nxd4 21. Nxe8+ Kxe8 22. c3 Nc6 23. b4 a6 24. a4 Rd8 25. Rf3 Rd5 26. Rfe3 Kf7
27. b5 axb5 28. axb5 Rxb5 29. Rf1+ Kg8 30. Kh1 h6 31. h3 Rc5 32. g4 Bf6 33.
Rff3 Ne5 34. Rf5 b6 35. Kg2 Rc4 36. Rf1 b5 37. Rb1 Rc5 38. Kg3 Ng6 39. Rd3 Kh7
40. h4 Bxh4+ 41. Kh3 Nf4+ 42. Kxh4 Nxd3 43. Rd1 Rxc3 44. Rb1 b4 45. Kh5 b3 46.
g5 hxg5 47. Kxg5 b2 48. Rh1+ Kg8 49. Kg6 Rc5 {Time forfeit} 0-1

[Event "Rated Blitz game"]
[Site "?"]
[Date "2021.04.17"]
[Round "?"]
[White "JuanCLA"]
[Black "camilomunoz0107"]
[Result "1-0"]
[ECO "C42"]
[WhiteElo "2404"]
[BlackElo "2340"]
[PlyCount "133"]
[EventDate "2021.??.??"]
[EventType "blitz"]
[TimeControl "180"]

1. e4 e5 2. Nf3 Nf6 3. Nxe5 d6 4. Nxf7 Kxf7 5. d4 Be7 6. Bc4+ Kf8 7. Nc3 Bg4 8.
f3 Bh5 9. O-O Bf7 10. Bd3 h5 11. Be3 Nc6 12. a3 a5 13. h3 h4 14. f4 Nh5 15. Ne2
a4 16. c3 Ra5 17. Qc2 Kg8 18. Rae1 Ra8 19. e5 Qe8 20. Bc1 Ra5 21. Rf3 Bb3 22.
Qd2 Qf7 23. Qe3 Bd5 24. Rf2 Ng3 25. Nxg3 hxg3 26. Rfe2 Nd8 27. Rf1 g6 28. Qxg3
Bh4 29. Qxg6+ Qxg6 30. Bxg6 Ne6 31. f5 Ng5 32. Bxg5 Bxg5 33. Rfe1 Bc4 34. Rf2
Bh4 35. e6 Bxf2+ 36. Kxf2 Kg7 37. Rh1 Raa8 38. g4 Kf6 39. Kg3 Bxe6 40. fxe6
Kxg6 41. d5 c6 42. c4 Rac8 43. Rh2 cxd5 44. cxd5 Rc5 45. Rd2 Rhc8 46. h4 Rc4
47. e7 Re4 48. h5+ Kg5 49. Rf2 Re3+ 50. Kg2 Rxe7 51. h6 Kxg4 52. Rd2 Rg8 53.
Kf2 Kf5 54. Kf1 Rf7 55. Rf2+ Kg6 56. Rxf7 Kxf7 57. h7 Rg4 58. Ke2 Rh4 59. h8=Q
Rh7 60. Kd3 Rxh8 61. Kc4 Rc8+ 62. Kb5 Rc5+ 63. Kb6 Rxd5 64. Kxb7 Rd2 65. Kc6
Rxb2 66. Kxd6 Ra2 67. Kc5 {Time forfeit} 1-0

[Event "Rated Blitz game"]
[Site "?"]
[Date "2021.04.17"]
[Round "?"]
[White "aleksej1"]
[Black "africanmorphy"]
[Result "1-0"]
[ECO "C42"]
[WhiteElo "2405"]
[BlackElo "2381"]
[PlyCount "80"]
[EventDate "2021.??.??"]
[EventType "blitz"]
[TimeControl "180"]

1. e4 e5 2. Nf3 Nf6 3. Nxe5 d6 4. Nxf7 Kxf7 5. Nc3 c6 6. d4 Be7 7. Bc4+ d5 8.
exd5 cxd5 9. Nxd5 Nxd5 10. Qf3+ Bf6 11. Bxd5+ Kf8 12. O-O Nc6 13. c3 Bg4 14.
Qe4 Bh5 15. Bf4 Bf7 16. Bxf7 Kxf7 17. d5 Qe7 18. Qc4 Ne5 19. Bxe5 Qxe5 20. d6+
Qe6 21. Qc7+ Kg6 22. d7 Rhd8 23. Rad1 Qc6 24. Qg3+ Kf7 25. Qh3 Kg8 26. Rd3 b5
27. Rfd1 a5 28. b3 Ra7 29. Qf5 Bxc3 30. Rxc3 Qxc3 31. Qe6+ Kf8 32. Qd6+ Kf7 33.
Qd5+ Ke7 34. Qd6+ Kf7 35. Qd5+ Kg6 36. Qe4+ Kh6 37. Qh4+ Kg6 38. Qxd8 Qc2 39.
Qe8+ Kh6 40. d8=Q Ra8 {Normal} 1-0

[Event "Rated Blitz game"]
[Site "?"]
[Date "2021.04.17"]
[Round "?"]
[White "cantorypoeta"]
[Black "Barcud9"]
[Result "1-0"]
[ECO "C42"]
[WhiteElo "2401"]
[BlackElo "2283"]
[PlyCount "117"]
[EventDate "2021.??.??"]
[EventType "blitz"]
[TimeControl "300"]

1. e4 e5 2. Nf3 Nf6 3. Nxe5 d6 4. Nxf7 Kxf7 5. d4 Qe8 6. f3 Nxe4 7. fxe4 Qxe4+
8. Be2 Qxg2 9. Rf1+ Ke8 10. Bf4 Be7 11. Nc3 Bh4+ 12. Kd2 Nc6 13. Rg1 Qh3 14.
Be3 Bf5 15. Qf1 Qxf1 16. Raxf1 g6 17. Nd5 Kd7 18. Rxf5 gxf5 19. Rg7+ Ne7 20.
Bd3 Ke6 21. Nxc7+ Kf6 22. Rg1 Rag8 23. Rf1 Rg2+ 24. Kd1 Rxh2 25. Nb5 Ke6 26.
Nxd6 Bg3 27. Nxf5 Nxf5 28. Bxf5+ Kd5 29. b3 Re8 30. c4+ Kd6 31. Rf3 Rxe3 32.
Rxe3 Bf4 33. Re6+ Kc7 34. Re7+ Kd6 35. Rxh7 Rxa2 36. Rxb7 a5 37. Be4 Rd2+ 38.
Ke1 Rxd4 39. Bd5 Bd2+ 40. Ke2 Bb4 41. Ke3 Rh4 42. Rb6+ Kd7 43. Rb7+ Kd6 44. Rb5
Rh3+ 45. Kd4 Bc3+ 46. Ke4 Rh4+ 47. Kf3 Bb4 48. Rb6+ Kc5 49. Rc6+ Kd4 50. Rc8
Rh3+ 51. Kg4 Rxb3 52. Rd8 Kc5 53. Ra8 Rc3 54. Kf5 Kd4 55. Ke6 Rxc4 56. Bxc4
Kxc4 57. Kd7 Kb3 58. Kc8 a4 59. Kb7 {Time forfeit} 1-0

[Event "Rated Blitz game"]
[Site "?"]
[Date "2021.04.17"]
[Round "?"]
[White "aleksej1"]
[Black "africanmorphy"]
[Result "0-1"]
[ECO "C42"]
[WhiteElo "2404"]
[BlackElo "2382"]
[PlyCount "54"]
[EventDate "2021.??.??"]
[EventType "blitz"]
[TimeControl "180"]

1. e4 e5 2. Nf3 Nf6 3. Nxe5 d6 4. Nxf7 Kxf7 5. Nc3 c6 6. d4 Be7 7. Bc4+ d5 8.
exd5 cxd5 9. Nxd5 Be6 10. Nxf6 Bxc4 11. Ne4 Re8 12. f3 Bh4+ 13. g3 Kg8 14. gxh4
Qxh4+ 15. Kd2 Nc6 16. Kc3 Rxe4 17. fxe4 Qh3+ 18. Kxc4 Rc8 19. c3 Nxd4+ 20. Kxd4
Rd8+ 21. Kc4 Qe6+ 22. Kb4 Qxe4+ 23. Ka3 Rxd1 24. Rxd1 h6 25. b4 Qc2 26. Bb2 b5
27. Rd8+ Kh7 {Normal} 0-1

[Event "Rated Blitz tournament zvvugVR9"]
[Site "?"]
[Date "2021.04.15"]
[Round "?"]
[White "Les3Archanges"]
[Black "Ranaroek66"]
[Result "1-0"]
[ECO "C42"]
[WhiteElo "2325"]
[BlackElo "2580"]
[PlyCount "89"]
[EventDate "2021.??.??"]
[EventType "blitz"]
[TimeControl "300"]

1. e4 e5 2. Nf3 Nf6 3. Nxe5 d6 4. Nxf7 Kxf7 5. d4 c5 6. c3 Be7 7. Bc4+ d5 8.
exd5 Bd6 9. O-O cxd4 10. Qxd4 Re8 11. Bg5 Nbd7 12. Nd2 Kg8 13. Rae1 Ne5 14. Bb3
b6 15. Kh1 Bf5 16. f4 Ned7 17. Nf3 h6 18. Bh4 Nc5 19. Ne5 Qc7 20. Bd1 Nfd7 21.
Bg3 Re7 22. b4 Nb7 23. Nc6 Rxe1 24. Rxe1 Nf6 25. Bf3 Re8 26. Rxe8+ Nxe8 27. c4
Nf6 28. a4 a5 29. bxa5 Nxa5 30. Bf2 Bc5 31. Qd2 Nxc6 32. dxc6 Bxf2 33. Qxf2 Be4
34. Bxe4 Nxe4 35. c5 Nxc5 36. Qa2+ Kf8 37. Qd5 Qxf4 38. Qd8+ Kf7 39. h3 Ne6 40.
Qxb6 Qc7 41. a5 Ke7 42. Qb4+ Qd6 43. Qb7+ Qc7 44. a6 Kd6 45. a7 {Normal} 1-0

[Event "Rated Blitz game"]
[Site "?"]
[Date "2021.04.15"]
[Round "?"]
[White "arturchix"]
[Black "Lunaticxxx"]
[Result "1-0"]
[ECO "C42"]
[WhiteElo "2742"]
[BlackElo "2841"]
[PlyCount "43"]
[EventDate "2021.??.??"]
[EventType "blitz"]
[TimeControl "180"]

1. e4 e5 2. Nf3 Nf6 3. Nxe5 d6 4. Nxf7 Kxf7 5. d4 c5 6. Nc3 cxd4 7. Bc4+ Be6 8.
Bxe6+ Kxe6 9. Qxd4 Nc6 10. Qc4+ Kd7 11. Bf4 Rc8 12. O-O-O Kc7 13. e5 Nh5 14.
exd6+ Kb8 15. d7+ Rc7 16. Bxc7+ Kxc7 17. g4 Nf6 18. Qf4+ Kb6 19. g5 Nh5 20.
Nd5+ Ka5 21. Qd2+ Ka6 22. Qe2+ {Normal} 1-0

[Event "Rated Blitz game"]
[Site "?"]
[Date "2021.04.14"]
[Round "?"]
[White "AutHun"]
[Black "IAmAmadeus"]
[Result "0-1"]
[ECO "C42"]
[WhiteElo "2566"]
[BlackElo "2573"]
[PlyCount "63"]
[EventDate "2021.??.??"]
[EventType "blitz"]
[TimeControl "180"]

1. e4 e5 2. Nf3 Nf6 3. Nxe5 d6 4. Nxf7 Kxf7 5. Nc3 c5 6. Bc4+ Be6 7. Bxe6+ Kxe6
8. O-O Be7 9. f4 Re8 10. d3 Nc6 11. Be3 Kf7 12. Qf3 Kg8 13. g4 Qd7 14. h3 Nd4
15. Bxd4 cxd4 16. Ne2 Rac8 17. g5 Rxc2 18. Nxd4 Rxb2 19. Rfb1 Rxb1+ 20. Rxb1 d5
21. Nf5 dxe4 22. dxe4 Nxe4 23. Nxe7+ Rxe7 24. Re1 Nxg5 25. Qb3+ Nf7 26. Rd1 Qe6
27. Qa4 Qe3+ 28. Kf1 Qf3+ 29. Kg1 Re2 30. Rd8+ Nxd8 31. Qb3+ Qxb3 32. axb3 {
Normal} 0-1

[Event "Rated Blitz game"]
[Site "?"]
[Date "2021.04.14"]
[Round "?"]
[White "popina123"]
[Black "bellaana"]
[Result "0-1"]
[ECO "C42"]
[WhiteElo "2450"]
[BlackElo "2267"]
[PlyCount "70"]
[EventDate "2021.??.??"]
[EventType "blitz"]
[TimeControl "300"]

1. e4 e5 2. Nf3 Nf6 3. Nxe5 d6 4. Nxf7 Kxf7 5. Nc3 d5 6. exd5 Bd6 7. Be2 Re8 8.
O-O Kg8 9. Bf3 a6 10. d4 Bf5 11. Bg5 Nbd7 12. a3 h6 13. Bh4 b5 14. Qd2 Qe7 15.
Rfe1 Qf7 16. Bg3 Nb6 17. b3 Rxe1+ 18. Rxe1 Re8 19. Be5 Bxa3 20. Bxc7 Rxe1+ 21.
Qxe1 Qxc7 22. h3 Bd6 23. g4 Bg6 24. Qe6+ Bf7 25. Qe3 Nbxd5 26. Nxd5 Nxd5 27.
Qd2 Bf4 28. Qd3 Qc3 29. Qe4 g5 30. Kg2 Kg7 31. h4 a5 32. h5 a4 33. Qf5 Qxd4 34.
Be4 Nf6 35. Bd3 a3 {Time forfeit} 0-1

[Event "Rated Rapid game"]
[Site "?"]
[Date "2021.04.14"]
[Round "?"]
[White "ritter1963"]
[Black "rahulnub"]
[Result "0-1"]
[ECO "C42"]
[WhiteElo "2278"]
[BlackElo "2402"]
[PlyCount "38"]
[EventDate "2021.??.??"]
[EventType "rapid"]
[TimeControl "600"]

1. e4 e5 2. Nf3 Nf6 3. Nxe5 d6 4. Nxf7 Kxf7 5. d4 c5 6. Bc4+ d5 7. exd5 b5 8.
Bxb5 Qxd5 9. O-O Bb7 10. f3 Qxd4+ 11. Kh1 Ba6 12. Nc3 Qxd1 13. Rxd1 Bxb5 14.
Nxb5 Nc6 15. Bg5 Rb8 16. Nd6+ Kg6 17. Bxf6 gxf6 18. b3 Nd4 19. c4 Bxd6 {Normal}
0-1

[Event "Rated Blitz game"]
[Site "?"]
[Date "2021.04.14"]
[Round "?"]
[White "fireanigirl"]
[Black "Znat_Kvas"]
[Result "1-0"]
[ECO "C42"]
[WhiteElo "2710"]
[BlackElo "2306"]
[PlyCount "57"]
[EventDate "2021.??.??"]
[EventType "blitz"]
[TimeControl "180"]

1. e4 e5 2. Nf3 Nf6 3. Nxe5 d6 4. Nxf7 Kxf7 5. d4 c5 6. c3 Be7 7. Bc4+ Be6 8.
Bxe6+ Kxe6 9. O-O Rf8 10. Qb3+ c4 11. Qxc4+ Kd7 12. e5 Ng8 13. e6+ Ke8 14. Qb5+
Nc6 15. Qh5+ g6 16. Qxh7 Qc7 17. Qxg6+ Kd8 18. f4 Nf6 19. Qd3 d5 20. Nd2 Bd6
21. Nf3 Bxf4 22. Bxf4 Qxf4 23. Ne5 Nxe5 24. dxe5 Qxe5 25. Rae1 Qd6 26. e7+ Kd7
27. exf8=Q Rxf8 28. Qf5+ Kc7 29. Qe5 {Normal} 1-0

[Event "Rated Blitz tournament oo1o6HMv"]
[Site "?"]
[Date "2021.04.13"]
[Round "?"]
[White "ErikBoth"]
[Black "AtalikS"]
[Result "0-1"]
[ECO "C42"]
[WhiteElo "2223"]
[BlackElo "2691"]
[PlyCount "46"]
[EventDate "2021.??.??"]
[EventType "blitz"]
[TimeControl "180"]

1. e4 e5 2. Nf3 Nf6 3. Nxe5 d6 4. Nxf7 Kxf7 5. d4 c5 6. Bc4+ Be6 7. Bxe6+ Kxe6
8. O-O cxd4 9. Qxd4 Nc6 10. Qc4+ d5 11. exd5+ Qxd5 12. Re1+ Kf7 13. Qh4 Bb4 14.
c3 Rhe8 15. Rf1 Bc5 16. Bg5 Re4 17. Qg3 Bd6 18. f4 Rae8 19. Bxf6 gxf6 20. Qh4
Rg8 21. Na3 Rxg2+ 22. Kxg2 Re2+ 23. Kh3 Qg2# {Normal} 0-1

[Event "Rated Blitz tournament O1VUPh2x"]
[Site "?"]
[Date "2021.04.13"]
[Round "?"]
[White "Chessfis"]
[Black "Hulscher1979"]
[Result "1-0"]
[ECO "C42"]
[WhiteElo "2601"]
[BlackElo "2211"]
[PlyCount "111"]
[EventDate "2021.??.??"]
[EventType "blitz"]
[TimeControl "300+2"]

1. e4 e5 2. Nf3 Nf6 3. Nxe5 d6 4. Nxf7 Kxf7 5. Nc3 c5 6. Bc4+ d5 7. Nxd5 Be6 8.
d3 Bxd5 9. exd5 Bd6 10. O-O Re8 11. d4 Nbd7 12. dxc5 Nxc5 13. g3 Qd7 14. Be3
Rac8 15. b4 Nce4 16. Bb3 Qh3 17. Qf3 Kg8 18. Qg2 Qh5 19. a3 Ng5 20. Bxg5 Qxg5
21. c4 b6 22. Rac1 Kh8 23. Rc2 Re7 24. Rfc1 Rce8 25. Qf1 Ne4 26. Kg2 Nd2 27.
Qd3 Nxb3 28. Qxb3 Rb8 29. Qf3 Rc8 30. c5 bxc5 31. bxc5 Rec7 32. cxd6 Rxc2 33.
Rxc2 Rd8 34. d7 h6 35. Rc8 Qe7 36. Rxd8+ Qxd8 37. Qf7 Kh7 38. Qe8 Qg5 39. d8=Q
Qf5 40. Qde7 Qxd5+ 41. Qe4+ Qxe4+ 42. Qxe4+ Kg8 43. Qb7 a6 44. Qa7 a5 45. Qa6
a4 46. Qxa4 Kf7 47. Qd7+ Kf6 48. a4 h5 49. a5 h4 50. a6 h3+ 51. Kxh3 g5 52. a7
g4+ 53. Kxg4 Ke5 54. a8=Q Kf6 55. Qf8+ Ke5 56. Qf4# {Normal} 1-0

[Event "Rated Blitz game"]
[Site "?"]
[Date "2021.04.12"]
[Round "?"]
[White "weeswijs"]
[Black "Riko_Sakurauchi"]
[Result "0-1"]
[ECO "C42"]
[WhiteElo "2361"]
[BlackElo "2434"]
[PlyCount "60"]
[EventDate "2021.??.??"]
[EventType "blitz"]
[TimeControl "180"]

1. e4 e5 2. Nf3 Nf6 3. Nxe5 d6 4. Nxf7 Kxf7 5. d4 c5 6. Bc4+ Be6 7. Bxe6+ Kxe6
8. O-O cxd4 9. Qxd4 Nc6 10. Qc4+ d5 11. exd5+ Qxd5 12. Re1+ Kf7 13. Qh4 Bb4 14.
c3 Rhe8 15. Be3 Bc5 16. c4 Qd6 17. Nc3 Bxe3 18. fxe3 Qd2 19. Re2 Qd3 20. Rd1
Qf5 21. Rf1 Qg6 22. Nd5 Rad8 23. Ref2 Re6 24. Nf4 Qe4 25. Qh3 Re7 26. Nh5 Qxe3
27. Qg4 Qxf2+ 28. Rxf2 Re1+ 29. Rf1 Rxf1+ 30. Kxf1 Nxg4 {Normal} 0-1

[Event "Rated Blitz game"]
[Site "?"]
[Date "2021.04.12"]
[Round "?"]
[White "LOWpusher_v_LOWberjz"]
[Black "Parwis"]
[Result "1-0"]
[ECO "C42"]
[WhiteElo "2596"]
[BlackElo "2574"]
[PlyCount "157"]
[EventDate "2021.??.??"]
[EventType "blitz"]
[TimeControl "180"]

1. e4 e5 2. Nf3 Nf6 3. Nxe5 d6 4. Nxf7 Kxf7 5. d4 c5 6. dxc5 Be7 7. Bc4+ d5 8.
exd5 Bxc5 9. O-O Bd6 10. Nd2 Re8 11. Bd3 Kg8 12. c4 Nbd7 13. Bf5 Nf8 14. Bxc8
Rxc8 15. b3 Be5 16. Rb1 b6 17. Nf3 Bd6 18. Bb2 Ng6 19. Nd4 Qd7 20. Ne6 Be5 21.
f4 Bxb2 22. Rxb2 Nf8 23. f5 Nxe6 24. fxe6 Qd6 25. Qd4 Rxe6 26. Qf4 Qxf4 27.
Rxf4 Re5 28. Kf2 b5 29. Re2 Rxe2+ 30. Kxe2 bxc4 31. bxc4 Kf7 32. Kd3 Ke7 33.
Kd4 Rb8 34. Rf2 Rb1 35. Re2+ Kd7 36. Re3 Rb2 37. Ra3 Rd2+ 38. Ke5 Re2+ 39. Kd4
Rd2+ 40. Ke5 Re2+ 41. Kd4 Rxg2 42. Rxa7+ Kc8 43. h3 Kb8 44. Rf7 Kc8 45. Kc5
Nd7+ 46. Kd6 Rg6+ 47. Ke7 Nb6 48. d6 Nd7 49. Rf5 Rg2 50. c5 Re2+ 51. Kf7 g6 52.
Rd5 Nb8 53. Kg7 Kd7 54. Kxh7 Nc6 55. Kxg6 Rg2+ 56. Rg5 Rxa2 57. h4 Nd4 58. h5
Ne6 59. Rf5 Rg2+ 60. Kf6 Rh2 61. Kf7 Nd4 62. Rg5 Rf2+ 63. Kg6 Ne6 64. Rg4 Rg2
65. Rxg2 Nf4+ 66. Kg7 Nxg2 67. h6 Nf4 68. h7 Ne6+ 69. Kg8 Ng5 70. h8=Q Ne6 71.
Qh3 Kc6 72. Qxe6 Kxc5 73. Kg7 Kb6 74. d7+ Kb5 75. d8=Q Kb4 76. Qec8 Ka3 77.
Qdc7 Ka4 78. Q7b7 Ka3 79. Qca8# {Normal} 1-0

[Event "Rated Rapid game"]
[Site "?"]
[Date "2021.04.12"]
[Round "?"]
[White "fkw007"]
[Black "BogomilTodorov"]
[Result "1-0"]
[ECO "C42"]
[WhiteElo "2417"]
[BlackElo "2311"]
[PlyCount "71"]
[EventDate "2021.??.??"]
[EventType "rapid"]
[TimeControl "900"]

1. e4 e5 2. Nf3 Nf6 3. Nxe5 d6 4. Nxf7 Kxf7 5. Bc4+ Be6 6. Bxe6+ Kxe6 7. O-O
Nc6 8. d4 Kd7 9. e5 Nd5 10. c4 Nde7 11. Qg4+ Ke8 12. e6 d5 13. Qf3 Qd6 14. Qf7+
Kd8 15. c5 Ne5 16. cxd6 Nxf7 17. dxe7+ Bxe7 18. exf7 Rf8 19. Nc3 c6 20. Bf4
Rxf7 21. Be5 Kd7 22. f4 g6 23. a3 b5 24. Rac1 a5 25. Rfe1 g5 26. g3 h6 27. Nd1
b4 28. a4 b3 29. Re3 gxf4 30. gxf4 Bb4 31. Rxb3 Rg8+ 32. Kh1 Rff8 33. Rg3 Bd2
34. Rc2 Rxg3 35. hxg3 h5 36. Rxd2 {Normal} 1-0

[Event "Rated Blitz game"]
[Site "?"]
[Date "2021.04.12"]
[Round "?"]
[White "LaughingCoffin57"]
[Black "pete1988"]
[Result "0-1"]
[ECO "C42"]
[WhiteElo "2447"]
[BlackElo "2464"]
[PlyCount "52"]
[EventDate "2021.??.??"]
[EventType "blitz"]
[TimeControl "180"]

1. e4 e5 2. Nf3 Nf6 3. Nxe5 d6 4. Nxf7 Kxf7 5. d4 c5 6. Bc4+ Be6 7. Bxe6+ Kxe6
8. O-O Kf7 9. dxc5 Nc6 10. cxd6 Qxd6 11. Qxd6 Bxd6 12. Nc3 Be5 13. f3 Nb4 14.
Bg5 h6 15. Bxf6 Bxf6 16. Nd5 Nxd5 17. exd5 Bxb2 18. Rab1 Bd4+ 19. Kh1 b6 20.
Rfd1 Bc5 21. c4 Rhe8 22. Rd2 Re3 23. Rc2 Rae8 24. h3 Bd6 25. Kg1 Bg3 26. Rcc1
Re2 {Normal} 0-1

[Event "Rated Blitz game"]
[Site "?"]
[Date "2021.04.10"]
[Round "?"]
[White "Lawatsch"]
[Black "baemoth"]
[Result "1-0"]
[ECO "C42"]
[WhiteElo "2290"]
[BlackElo "2416"]
[PlyCount "81"]
[EventDate "2021.??.??"]
[EventType "blitz"]
[TimeControl "180"]

1. e4 e5 2. Nf3 Nf6 3. Nxe5 d6 4. Nxf7 Kxf7 5. Nc3 g6 6. Bc4+ d5 7. Nxd5 Be6 8.
Qf3 c6 9. Nxf6 Qxf6 10. Bxe6+ Kxe6 11. Qb3+ Kd6 12. d4 Kc7 13. O-O Nd7 14. e5
Qe7 15. e6 Nb6 16. Bf4+ Kc8 17. Rfe1 Bg7 18. Rad1 Rf8 19. Bg3 Rd8 20. c3 Nd5
21. c4 Nc7 22. d5 cxd5 23. cxd5 Rd6 24. Qb4 Bf8 25. Bxd6 Qxd6 26. Qxd6 Bxd6 27.
Re3 Kd8 28. Rf3 Nb5 29. Rf7 Be7 30. Rxh7 Kc7 31. Rxe7+ Kd6 32. Rxb7 Nc7 33. b4
Re8 34. Rxc7 Kxc7 35. d6+ Kc6 36. d7 Rd8 37. e7 Rxd7 38. e8=Q Kb5 39. Qxd7+
Kxb4 40. Qd5 Ka3 41. Rb1 {Time forfeit} 1-0

[Event "Rated Blitz tournament spring21"]
[Site "?"]
[Date "2021.04.10"]
[Round "?"]
[White "Benefactorr"]
[Black "gravereaper"]
[Result "1-0"]
[ECO "C42"]
[WhiteElo "2806"]
[BlackElo "2579"]
[PlyCount "61"]
[EventDate "2021.??.??"]
[EventType "blitz"]
[TimeControl "300"]

1. e4 e5 2. Nf3 Nf6 3. Nxe5 d6 4. Nxf7 Kxf7 5. Nc3 c5 6. Bc4+ Be6 7. Bxe6+ Kxe6
8. d4 cxd4 9. Qxd4 Nc6 10. Qc4+ Kd7 11. Bf4 Qe7 12. O-O-O Qe6 13. Qb5 Kc8 14.
Rhe1 Be7 15. e5 dxe5 16. Bxe5 Qf5 17. Qc4 Rd8 18. Rxd8+ Bxd8 19. Nb5 Be7 20.
Bg3 Qd5 21. Qa4 Qc5 22. a3 a6 23. Nc7 Ra7 24. Ne6 Qf5 25. Kb1 g6 26. Nd4 Nxd4
27. Rxe7 Nc6 28. Rc7+ Kd8 29. Qb3 Nd5 30. Rxc6 bxc6 31. Qb8+ {Normal} 1-0

[Event "Rated Blitz game"]
[Site "?"]
[Date "2021.04.10"]
[Round "?"]
[White "FunnyPlz"]
[Black "Huljuttelija"]
[Result "1-0"]
[ECO "C42"]
[WhiteElo "2382"]
[BlackElo "2468"]
[PlyCount "60"]
[EventDate "2021.??.??"]
[EventType "blitz"]
[TimeControl "180+2"]

1. e4 e5 2. Nf3 Nf6 3. Nxe5 d6 4. Nxf7 Kxf7 5. d4 c5 6. dxc5 Qa5+ 7. Nc3 Qxc5
8. Be3 Qb4 9. Rb1 Nc6 10. a3 Qa5 11. Bc4+ Be6 12. Bxe6+ Kxe6 13. Qe2 Qa6 14.
Nb5 Kf7 15. Qc4+ Kg6 16. O-O Ne5 17. Qe2 h6 18. f4 Nc6 19. e5 dxe5 20. fxe5
Nxe5 21. Bd4 Ned7 22. Qd3+ Kf7 23. Qc4+ Kg6 24. Qd3+ Kf7 25. Rbe1 Be7 26. Qb3+
Kf8 27. Nc7 Qd6 28. Ne6+ Kg8 29. Nf4+ Nd5 30. Nxd5 Kh7 {Normal} 1-0